 Dungeon Crawl Stone Soup version 0.18.0-1-g0107ab7 (webtiles) character file.

131302 Gingerlord the Corrupter of Planes (level 17, -1/137 HPs)
             Began as a Formicid Abyssal Knight on May 5, 2016.
             Was the Champion of Lugonu.
             Slain by an 11-headed hydra (4 damage)
             ... on level 1 of the Swamp.
             The game lasted 01:25:06 (35474 turns).

Gingerlord the Corrupter of Planes (FoAK)          Turns: 35474, Time: 01:25:06

Health: -1/137     AC: 20    Str: 35    XL:     17   Next: 66%
Magic:  28/28      EV: 16    Int: 14    God:    Lugonu [******]
Gold:   768        SH: 19    Dex: 15    Spells: 0 memorised, 16 levels left

rFire  + + +     SeeInvis +     H - +6 glaive of Ascent {freeze, rF+ Int+2 Stlth+}
rCold  + . .     Gourm    .     m - +2 chain mail {rF+}
rNeg   . . .     Faith    .     F - +2 shield of Resistance {rF+ rC+ MR+}
rPois  +         Spirit   .     (helmet unavailable)
rElec  +         Dismiss  .     f - +1 cloak
rCorr  .         Reflect  +     e - +0 pair of gloves {Str+3}
SustAt .         Harm     .     D - +0 pair of boots
MR     +....                    O - +2 amulet of reflection
Stlth  ..........               p - ring "Rukkestro" {rPois rF++ MR- Str+6}
                                l - +5 ring of slaying

@: mighty, lethally poisoned (-1 -> -2), somewhat resistant to hostile
enchantments, extremely unstealthy
A: permanent stasis, dig shafts and tunnels, four strong arms, antennae 3, fangs
1, electricity resistance, strong 1
a: Dig, Shaft Self, Depart the Abyss, Bend Space, Banish, Corrupt, Enter the
Abyss, Brand Weapon With Distortion, Renounce Religion


You were on level 1 of the Swamp.
You worshipped Lugonu.
Lugonu was exalted by your worship.
You were very hungry.

You visited 4 branches of the dungeon, and saw 26 of its levels.
You visited the Abyss 3 times.
You also visited: Bailey, Ice Cave and Volcano.

You collected 2732 gold pieces.
You spent 1964 gold pieces at shops.

Inventory:

Hand Weapons
 y - a +0 lajatang
 H - the +6 glaive of Ascent (weapon) {freeze, rF+ Int+2 Stlth+}
   (You bought it in a shop on level 1 of the Orcish Mines)

   It has been specially enchanted to freeze those struck by it, causing extra
   injury to most foes and up to half again as much damage against particularly
   susceptible opponents.
   It can also slow down cold-blooded creatures.
   It affects your intelligence (+2).
   It protects you from fire.
   It makes you more stealthy.
 R - the +3 long sword of Fate {slice, rF+ MR+ Int+4}
   (You found it in an ice cave)

   It inflicts extra damage upon your enemies.
   It affects your intelligence (+4).
   It protects you from fire.
   It affects your resistance to hostile enchantments.
Armour
 e - a +0 pair of gloves of strength (worn)
 f - a +1 cloak (worn)
 m - a +2 chain mail of fire resistance (worn)
 D - a +0 pair of boots (worn)
 F - the +2 shield of Resistance (worn) {rF+ rC+ MR+}
   (You found it on level 8 of the Dungeon)

   It protects you from fire.
   It protects you from cold.
   It affects your resistance to hostile enchantments.
Jewellery
 l - a +5 ring of slaying (left hand)
 p - the ring "Rukkestro" (right hand) {rPois rF++ MR- Str+6}
   (You bought it in a shop on level 2 of the Orcish Mines)

   [ring of poison resistance]

   It affects your strength (+6).
   It greatly protects you from fire.
   It protects you from poison.
   It affects your resistance to hostile enchantments.
 w - a +1 ring of protection
 A - an uncursed amulet of rage {unknown}
 K - an uncursed ring of resist corrosion
 O - a +2 amulet of reflection (around neck)
 S - an uncursed amulet of faith
Wands
 B - a wand of iceblast (15/15)
 T - a wand of acid (8/15)
Scrolls
 a - 4 scrolls of fear
 d - 8 scrolls of enchant armour
 g - a scroll of identify
 h - 9 scrolls of remove curse
 k - a scroll of amnesia
 u - 2 scrolls of fog
 x - 2 scrolls of magic mapping
 M - 4 scrolls of recharging
 P - 5 scrolls of enchant weapon
Potions
 i - 2 potions of heal wounds
 j - 6 potions of flight
 n - 4 potions of resistance
 q - 6 potions of brilliance
 r - a potion of invisibility {unknown}
 t - 5 potions of cure mutation
 v - 9 potions of curing
 z - a potion of might
 E - 2 potions of agility
 I - a potion of magic
 J - 2 potions of ambrosia {unknown}
 N - 2 potions of cancellation {unknown}
Comestibles
 b - 10 meat rations
 c - 8 bread rations
 L - 10 fruits


   Skills:
 - Level 13.4 Fighting
 * Level 14.1 Polearms
 + Level 12.5 Armour
 - Level 11.2 Dodging
 - Level 13.4 Shields
 + Level 15.5 Invocations


You had 16 spell levels left.
You didn't know any spells.

Dungeon Overview and Level Annotations

Branches:
Dungeon (15/15)            Temple (0/1) D:5            Lair (8/8) D:10
  Swamp (1/4) Lair:3       Spider (0/4) Lair:3        Slime (0/6) Lair:8
    Orc (2/2) D:10            Elf (0/3) Orc:2        Vaults (0/5) D:13
 Depths (0/5) D:15

Altars:
Ashenzari
Cheibriados
Fedhas
Kikubaaqudgha
Makhleb
Trog
Vehumet
Yredelemnul
The Shining One
Beogh
Jiyva

Shops:
Orc:1 (((   Orc:2 [}=(

Portals:
Trove: D:14 (lose all piety)

Annotations:
D:3 wotkd0121004's ghost, amateur GrFi
Lair:1 exclusion: 2 oklob plants
Lair:8 1 runed door
Swamp:1 Aizul
Abyss:1 Rupert


Innate Abilities, Weirdness & Mutations

You are under a permanent stasis effect.
You can dig through walls and to a lower floor.
Your four strong arms can wield two-handed weapons with a shield.
You have a pair of large antennae on your head (SInv).
You have very sharp teeth.
You are resistant to electric shocks.
Your muscles are strong. (Str +2)


Message History

* * * LOW HITPOINT WARNING * * *
You block the 11-headed hydra's attack.
The 11-headed hydra bites you but does no damage.
You block the 11-headed hydra's attack. The 11-headed hydra barely misses you.
You block the 11-headed hydra's attack.
The 11-headed hydra bites you but does no damage.
The 11-headed hydra barely misses you. The 11-headed hydra bites you!
* * * LOW HITPOINT WARNING * * *
The 11-headed hydra bites you.
* * * LOW HITPOINT WARNING * * *
The 11-headed hydra closely misses you. x2
You completely miss the 11-headed hydra.
The 11-headed hydra is almost dead.
You feel sick. The 11-headed hydra bites you.
* * * LOW HITPOINT WARNING * * *
The 11-headed hydra barely misses you. x2
You block the 11-headed hydra's attack. x2; The 11-headed hydra bites you!
* * * LOW HITPOINT WARNING * * *
You block the 11-headed hydra's attack. The 11-headed hydra bites you.
You die...

.≈♣ ≈♣♣ ♣.≈≈...≈≈≈..♣♣
.♣♣♣ ♣♣♣♣♣.≈≈≈≈..≈.%..≈
≈..♣ ♣♣≈≈.♣.≈.≈.......≈≈
...♣ ♣..≈≈.♣.≈..#......
...♣ ♣♣.≈≈≈≈.......#
...♣♣ ♣.≈≈≈≈.#.....#
≈≈§≈♣♣♣♣..≈≈≈.##S...#
≈≈≈♣♣♣..≈§≈≈..##D##......
≈......≈≈≈≈.≈.##@# ......
....≈≈..†...........?....
≈≈≈...≈≈≈≈..§.......#....
..♣♣♣..≈≈≈≈≈....#.#...#..
..♣ ♣♣.≈≈≈≈≈≈♣.. ........
..♣ ♣♣.≈≈...♣♣. #...^..
..♣ ♣...≈≈.♣≈♣ .. ... ♣♣♣
♣♣...≈≈≈. ≈...♣♣ ♣≈≈≈♣♣♣


You could see Aizul and a 11-headed hydra.

Vanquished Creatures
  Agnes (D:15)
  Kirke (Lair:7)
  Maud (D:11)
  An emperor scorpion (D:15)
  An orc warlord (Orc:1)
  A stone giant (Orc:1)
  A salamander stormcaller (D:15)
  An ettin (Orc:2)
  2 death oozes (Lair:8)
  Josephine (Swamp:1)
  6 great orbs of eyes
  Harold (D:11)
  9 hydras
  A catoblepas (Lair:7)
  Erica (D:11)
  A centaur warrior (D:15)
  2 dancing weapons (D:13)
  3 death yaks (Lair:7)
  An alligator (Swamp:1)
  An ogre mage (D:15)
  4 orc high priests
  A shock serpent (shapeshifter) (D:15)
  Urug (Lair:2)
  Nergalle (Lair:3)
  10 hill giants
  An unseen horror (D:14)
  A swamp dragon (Swamp:1)
  4 orc knights (Orc:2)
  A necromancer (IceCv)
  3 deep elf magi
  A wolf spider zombie (D:15)
  3 manticores
  3 griffons (Lair:8)
  4 orc sorcerers (Orc:2)
  14 ugly things
  A cyclops (D:13)
  9 elephants
  3 torpor snails (Lair:5)
  5 ice statues (IceCv)
  10 black mambas
  15 spiny frogs
  2 gargoyles (D:13)
  4 rime drakes
  13 komodo dragons
  A yaktaur (D:13)
  10 ice devils (IceCv)
  An efreet (D:14)
  4 trolls
  A spriggan druid (Lair:8)
  7 two-headed ogres
  A harpy skeleton (D:15)
  10 polar bears
  18 blink frogs
  Prince Ribbit (D:6)
  A boulder beetle (Lair:6)
  8 slime creatures
  3 bog bodies (Swamp:1)
  Sigmund (D:4)
  A redback (shapeshifter) (D:15)
  5 redbacks (Lair:8)
  49 yaks
  2 hogs (Volcano)
  4 wyverns
  5 basilisks
  A hog (shapeshifter) (D:13)
  5 wraiths
  A fire bat (Volcano)
  13 spriggans
  9 hungry ghosts
  17 hippogriffs
  Menkaure (D:4)
  2 wargs
  3 mottled dragons
  21 vampire mosquitoes
  Edmund (D:5)
  9 swamp worms
  14 water moccasins
  Duvessa (D:4)
  37 orc warriors
  12 porcupines
  2 ice beasts
  A swamp drake (Swamp:1)
  2 sky beasts
  4 wasps
  6 black bears
  An eye of draining (D:9)
  3 necrophages
  8 ogres
  A phantom (D:9)
  23 wolves
  17 centaurs
  28 crocodiles
  Blork the orc (D:4)
  A big kobold (D:10)
  19 giant frogs
  Dowan (D:4)
  2 wyvern skeletons
  4 scorpions
  10 killer bees
  2 vampire bats (D:8)
  12 howler monkeys
  3 wights (D:12)
  An electric eel (Lair:3)
  7 crimson imps
  2 draconian simulacra (IceCv)
  2 quasits
  2 giant frog zombies
  13 hounds
  27 orc wizards
  3 centaur skeletons
  9 jellies
  22 orc priests
  A giant frog skeleton (D:12)
  An iron imp (Abyss:1)
  Ijyb (D:2)
  12 iguanas
  18 worker ants
  11 hell rats (Lair:4)
  A troll simulacrum (IceCv)
  23 sheep
  A centaur simulacrum (IceCv)
  A hound zombie (D:9)
  2 hound skeletons
  2 worker ant zombies
  Robin (D:3)
  15 adders
  2 howler monkey skeletons
  3 naga simulacra (IceCv)
  3 ogre simulacra (IceCv)
  72 river rats
  4 shadow imps
  12 white imps (Lair:3)
  7 oozes
  An adder zombie (D:5)
  2 adder skeletons
  A worm (D:4)
  4 dart slugs
  4 giant geckos
  95 orcs
  A ball python (D:3)
  6 giant cockroaches
  17 goblins
  14 hobgoblins
  4 quokkas
  7 bats
  A giant gecko skeleton (D:5)
  A giant gecko zombie (D:5)
  6 giant newts
  12 kobolds
  3 rats
1042 creatures vanquished.

Vanquished Creatures (collateral kills)
  An acid blob (Lair:8)
  A great orb of eyes (Lair:8)
  An ooze (Lair:8)
3 creatures vanquished.

Vanquished Creatures (others)
  A centaur warrior (D:14)
  2 cyclopes
  A basilisk (Lair:3)
  3 humans (Lair:7)
  5 centaurs
  A crocodile (Lair:7)
  A river rat (Lair:7)
  A demonic plant (Abyss:1)
  33 fungi
  12 plants
60 creatures vanquished.

Grand Total: 1105 creatures vanquished

Notes
Turn   | Place    | Note
--------------------------------------------------------------
     0 | Abyss:1  | Gingerlord the Formicid Abyssal Knight began the quest for the Orb.
     0 | Abyss:1  | Reached XP level 1. HP: 18/18 MP: 2/2
    36 | Abyss:1  | Noticed a small abomination
    36 | Abyss:1  | Noticed a large abomination
    36 | D:1      | Escaped the Abyss
    44 | D:1      | Reached skill level 1 in Dodging
   303 | D:1      | Reached XP level 2. HP: 21/24 MP: 3/3
   853 | D:1      | Reached * piety under Lugonu
  1229 | D:2      | Noticed Ijyb
  1255 | D:2      | Killed Ijyb
  1255 | D:2      | Reached XP level 3. HP: 19/30 MP: 4/4
  1309 | D:2      | Reached XP level 4. HP: 27/37 MP: 5/5
  1916 | D:3      | Reached skill level 3 in Invocations
  2093 | D:3      | Noticed wotkd0121004's ghost (amateur GrFi)
  2115 | D:4      | Reached ** piety under Lugonu
  2149 | D:4      | Reached XP level 5. HP: 28/42 MP: 7/7
  2337 | D:4      | Noticed Blork the orc
  2366 | D:4      | Killed Blork the orc
  2376 | D:4      | Reached XP level 6. HP: 8/48 MP: 8/8
  2392 | D:4      | Noticed Duvessa
  2716 | D:3      | Found a burning altar of Makhleb.
  2948 | D:3      | Reached skill level 4 in Invocations
  3120 | D:3      | Noticed Robin
  3142 | D:3      | Killed Robin
  3142 | D:3      | Reached XP level 7. HP: 33/55 MP: 10/10
  3149 | D:3      | Reached *** piety under Lugonu
  3733 | D:4      | Killed Duvessa
  3733 | D:4      | Reached skill level 5 in Fighting
  3736 | D:4      | Noticed Dowan
  3751 | D:4      | Killed Dowan
  3823 | D:4      | Noticed Menkaure
  4245 | D:4      | Noticed Sigmund
  4251 | D:4      | Killed Sigmund
  4251 | D:4      | Reached XP level 8. HP: 53/63 MP: 11/11
  4310 | D:4      | Killed Menkaure
  4310 | D:4      | Reached skill level 5 in Invocations
  4503 | D:5      | Entered Level 5 of the Dungeon
  4600 | D:6      | Found an ancient bone altar of Kikubaaqudgha.
  4605 | D:6      | Reached skill level 5 in Armour
  4927 | D:6      | Cast into level 1 of the Abyss (orc wizard)
  4928 | Abyss:1  | Noticed a bone dragon
  4931 | D:6      | Escaped the Abyss
  5157 | D:6      | Reached XP level 9. HP: 68/69 MP: 13/13
  5182 | D:6      | Noticed Prince Ribbit
  5193 | D:6      | Killed Prince Ribbit
  5193 | D:6      | Reached skill level 5 in Polearms
  5193 | D:6      | Reached skill level 6 in Invocations
  5525 | D:5      | Noticed Edmund
  5545 | D:5      | Killed Edmund
  5720 | D:5      | Found a radiant altar of Vehumet.
  5724 | D:5      | Found a bloodstained altar of Trog.
  5930 | D:5      | Found a staircase to the Ecumenical Temple.
  6309 | D:7      | Noticed a two-headed ogre
  6340 | D:7      | Killed a two-headed ogre
  6340 | D:7      | Reached skill level 5 in Dodging
  6691 | D:7      | Reached **** piety under Lugonu
  6713 | D:7      | Reached skill level 7 in Invocations
  7110 | D:7      | Reached XP level 10. HP: 48/79 MP: 15/15
  7269 | D:7      | Found a shattered altar of Ashenzari.
  7269 | D:7      | Found a glowing golden altar of the Shining One.
  7652 | D:7      | Found a basalt altar of Yredelemnul.
  8255 | D:8      | Reached skill level 1 in Shields
  8749 | D:9      | Found a flagged portal.
  8765 | Bailey   | Entered a bailey
  8787 | Bailey   | Reached skill level 8 in Invocations
  9052 | Bailey   | Reached ***** piety under Lugonu
  9878 | Bailey   | Reached skill level 5 in Shields
 10286 | D:9      | Reached XP level 11. HP: 83/87 MP: 17/17
 10786 | D:9      | Reached skill level 9 in Invocations
 11383 | D:10     | Entered Level 10 of the Dungeon
 11386 | D:10     | Noticed a hill giant
 11413 | D:10     | Killed a hill giant
 11703 | D:10     | Found a staircase to the Orcish Mines.
 11787 | D:10     | Noticed a hill giant
 11816 | D:10     | Killed a hill giant
 12134 | D:10     | Found a blossoming altar of Fedhas.
 12306 | D:10     | Found a staircase to the Lair.
 12317 | D:10     | Noticed a hill giant
 12339 | D:10     | Killed a hill giant
 12339 | D:10     | Reached skill level 10 in Invocations
 12778 | D:10     | Noticed a hill giant
 12798 | D:10     | Killed a hill giant
 12798 | D:10     | Reached XP level 12. HP: 73/97 MP: 19/19
 12836 | Lair:1   | Entered Level 1 of the Lair of Beasts
 13201 | Lair:1   | Reached skill level 10 in Fighting
 14526 | Lair:2   | Noticed Urug
 14583 | Lair:2   | Killed Urug
 14583 | Lair:2   | Reached skill level 11 in Invocations
 15033 | Lair:2   | Reached ****** piety under Lugonu
 15296 | Lair:3   | Found a frozen archway.
 15340 | Lair:3   | Reached XP level 13. HP: 84/104 MP: 21/21
 15476 | Lair:3   | Found a hole to the Spider Nest.
 15498 | IceCv    | Entered an ice cave
 17306 | IceCv    | Got a crude scale mail
 17317 | IceCv    | Identified the cursed +1 scale mail "Roipp" {rElec Str+3} (You found it in an ice cave)
 17320 | IceCv    | Got a brightly glowing long sword
 17321 | IceCv    | Identified the +3 long sword of Fate {slice, rF+ MR+ Int+4} (You found it in an ice cave)
 17649 | Lair:3   | Reached skill level 10 in Shields
 17660 | Lair:3   | Noticed Nergalle
 17700 | Lair:3   | Killed Nergalle
 17874 | Lair:3   | Noticed Rupert
 17904 | Lair:3   | Banished Rupert
 18194 | Lair:3   | Reached skill level 12 in Invocations
 18379 | Lair:3   | Found a staircase to the Swamp.
 19060 | Lair:4   | Gained mutation: Your muscles are strong. (Str +2) [potion of beneficial mutation]
 19061 | Lair:4   | Gained mutation: You are resistant to electric shocks. [potion of beneficial mutation]
 19089 | Lair:4   | Reached skill level 10 in Polearms
 19694 | Lair:4   | Noticed a four-headed hydra
 19706 | Lair:4   | Killed a four-headed hydra
 20081 | Lair:5   | Noticed an eight-headed hydra
 20093 | Lair:5   | Killed an eight-headed hydra
 20095 | Lair:5   | Reached XP level 14. HP: 59/114 MP: 23/23
 20383 | Lair:5   | Found a snail-covered altar of Cheibriados.
 21543 | Lair:6   | Gained mutation: You have very sharp teeth. [potion of beneficial mutation]
 22228 | Lair:7   | Noticed Kirke
 22244 | Lair:7   | Killed Kirke
 23136 | Lair:7   | Reached skill level 10 in Dodging
 23188 | Lair:7   | Identified a scroll of acquirement
 23455 | Lair:8   | Entered Level 8 of the Lair of Beasts
 23762 | Lair:8   | Reached XP level 15. HP: 109/122 MP: 24/24
 23829 | Lair:8   | Reached skill level 13 in Invocations
 24080 | Lair:8   | Noticed an acid blob
 24080 | Lair:8   | Noticed an azure jelly
 24103 | Lair:8   | Killed an acid blob
 24854 | Lair:8   | Reached skill level 10 in Armour
 26634 | Lair:8   | Reached XP level 16. HP: 126/130 MP: 26/26
 26671 | Lair:8   | Found a runed door.
 26671 | Lair:8   | Found a viscous altar of Jiyva.
 26671 | Lair:8   | Found a staircase to the Slime Pits.
 26671 | Lair:8   | Noticed an acid blob
 26914 | D:11     | Noticed Maud
 26927 | D:11     | Killed Maud
 27194 | D:11     | Noticed Harold
 27205 | D:11     | Killed Harold
 27578 | D:11     | Noticed Erica
 27593 | D:11     | Killed Erica
 27593 | D:11     | Reached skill level 14 in Invocations
 28090 | Orc:1    | Entered Level 1 of the Orcish Mines
 28111 | Orc:1    | Found Faarah's Weapon Shoppe.
 28460 | Orc:1    | Found Sitint's Antique Weapon Shoppe.
 28468 | Orc:1    | Bought a glowing glaive for 221 gold pieces
 28573 | Orc:2    | Entered Level 2 of the Orcish Mines
 28744 | Orc:2    | Found a staircase to the Elven Halls.
 28763 | Orc:2    | Found a dark tunnel.
 28773 | Volcano  | Entered a volcano
 28912 | Orc:1    | Found Bupn's Weapon Boutique.
 28924 | Orc:2    | HP: 1/131 [ettin/dire flail (31)]
 29236 | Orc:2    | Escaped the Abyss
 29942 | Orc:2    | Found a roughly hewn altar of Beogh.
 30437 | Orc:2    | Found Otseurul's Jewellery Shoppe.
 30437 | Orc:2    | Found Waza's Weapon Boutique.
 30442 | Orc:2    | Found Qeask's Antique Armour Shoppe.
 30442 | Orc:2    | Found Titomylif's Gadget Boutique.
 30453 | Orc:2    | Bought the ring "Rukkestro" {rPois rF++ MR- Str+6} for 740 gold pieces
 30565 | Orc:1    | Bought the +6 glaive of Ascent {freeze, rF+ Int+2 Stlth+} for 1003 gold pieces
 32777 | D:13     | Found a gate to the Vaults.
 33072 | D:14     | Found a portal to a secret trove of treasure.
 33190 | D:14     | Reached XP level 17. HP: 137/137 MP: 28/28
 33602 | D:15     | Entered Level 15 of the Dungeon
 33694 | D:15     | Noticed Agnes
 33707 | D:15     | Killed Agnes
 33707 | D:15     | Reached skill level 15 in Invocations
 34205 | D:15     | Found a staircase to the Depths.
 34763 | Swamp:1  | Entered Level 1 of the Swamp
 35065 | Swamp:1  | Noticed Josephine
 35083 | Swamp:1  | Killed Josephine
 35451 | Swamp:1  | Noticed Aizul
 35474 | Swamp:1  | HP: 3/137 [11-headed hydra (12)]
 35474 | Swamp:1  | Slain by an 11-headed hydra

Skill      XL: |  1  2  3  4  5  6  7  8  9 10 11 12 13 14 15 16 17 |
---------------+----------------------------------------------------+-----
Dodging        | 1 2 3 4 5 6 7 8 9 10 11 | 11.2
Fighting       | 4 5 6 7 8 9 10 11 12 13 | 13.4
Invocations    | 3 4 5 7 8 10 11 12 13 14 15 | 15.5
Polearms       | 3 4 5 6 8 9 10 11 12 14 | 14.1
Armour         | 3 4 5 6 7 9 10 11 12 | 12.5
Shields        | 5 7 9 10 11 12 13 | 13.4

Action                   |  1- 3 |  4- 6 |  7- 9 | 10-12 | 13-15 | 16-18 || total
-------------------------+-------+-------+-------+-------+-------+-------++-------
Melee: Spear             |    73 |   123 |   310 |   944 |   177 |       ||  1627
       Halberd           |       |    68 |    10 |       |       |       ||    78
       Trident           |       |       |       |   221 |  1593 |   184 ||  1998
       Bite              |       |       |       |       |   153 |   156 ||   309
       Glaive            |       |       |       |       |       |   842 ||   842
Invok: Depart the Abyss  |     1 |       |     1 |       |       |     1 ||     3
       Banish            |       |       |       |     4 |     5 |       ||     9
       Enter the Abyss   |       |       |       |       |       |     1 ||     1
 Abil: Dig               |       |       |     1 |     5 |    10 |    12 ||    28
  Use: Potion            |       |     5 |       |     3 |     4 |     2 ||    14
       Scroll            |       |       |     6 |    16 |     8 |     2 ||    32
 Stab: Sleeping          |     1 |       |       |       |       |       ||     1
       Held in net/web   |       |       |       |       |       |     1 ||     1
  Eat: Chunk             |     2 |     6 |     4 |    29 |    24 |    24 ||    89
       Bread ration      |       |       |     2 |     1 |     2 |     1 ||     6
       Meat ration       |       |       |       |     1 |       |       ||     1
       Beef jerky        |       |       |       |       |     2 |     2 ||     4
       Royal jelly       |       |       |       |       |     1 |       ||     1
       Fruit             |       |       |       |       |     1 |       ||     1
       Pizza             |       |       |       |       |     1 |       ||     1
Armor: Leather armour    |    18 |       |       |       |       |       ||    18
       Scale mail        |     1 |    69 |   130 |    51 |    38 |       ||   289
       Skin              |       |    36 |       |       |       |       ||    36
       Chain mail        |       |       |       |   206 |   383 |   267 ||   856
Dodge: Dodged            |    31 |    87 |   158 |   264 |   464 |   357 ||  1361
Block: Shield            |       |       |       |   515 |  1072 |   765 ||  2352
       Reflection        |       |       |       |       |     7 |    30 ||    37
